cohdb
Replays
Latest Replays
All Replays
Popular Replays
Top Player Replays
Match Explorer
How It Works
Community
CoH3 Stats
Reddit
Sign in to upload your games and track your stats! →
Sign in with Steam
Match 46651772
Unlisted
Match 46651772
Overview
Messages
Build Orders
End
Construct Barracks
Riflemen Squad
Engineer Squad
Selects Airborne Battlegroup
Selects Heavy Machine Gun Paradrop
Riflemen Squad
1⁄4-ton 4x4 Truck
Riflemen Squad
Infantry Support Center
Construct Medical Station
Selects Paratrooper Squad Paradrop
Paratrooper Squad Paradrop
Selects Recon Loiter
Grenade Package
M1918 Browning Automatic Rifles
Selects Anti-tank Gun Team Paradrop
Anti-tank Gun Team Paradrop
Paratrooper Squad Paradrop
Paratrooper Squad Paradrop
Construct Tank Depot
M4A1 Sherman Medium Tank
Anti-tank Gun Team Paradrop
M4A1 Sherman Medium Tank
Engineer Squad
Selects Recon Loiter
Selects Supply Drop
Selects Carpet Bombing Run
Carpet Bombing Run
Carpet Bombing Run
Dark Lord Cthulhu
Doc Holliday
0
0
Comments
sign in to comment!
No comments posted yet!